[Event "Titled Tuesday Blitz September 27 Early 2022"]
[White "De Silva, L M S T"]
[Black "Tasev, Dejan"]
[WhiteFideId "9953698"]
[BlackFideId "936618"]
[WhiteElo "1727"]
[BlackElo "2256"]
[Result "1-0"]
[Round "02"]
[TimeControl "180+1"]
[Date "2022.09.27"]
[WhiteClock "0:01:03"]
[BlackClock "0:00:27"]

1. e4 c6 2. d4 d5 3. Nc3 dxe4 4. Nxe4 Bf5 5. Ng3 Bg6 6. h4 h6 7. Nf3 Nd7 8. h5 Bh7 9. Bd3 Bxd3 10. Qxd3 Ngf6 11. Bd2 e6 12. O-O-O Be7 13. Ne4 Nxe4 14. Qxe4 Nf6 15. Qe2 a5 16. c4 a4 17. Bc3 O-O 18. Ne5 a3 19. b3 Qc7 20. g4 Rfd8 21. f4 Nd7 22. Ng6 Nf8 23. Nxe7+ Qxe7 24. Rhg1 Qf6 25. Qe3 c5 26. d5 Qh4 27. d6 Nd7 28. g5 hxg5 29. Rxg5 Qh2 30. Rxg7+ Kf8 31. Qg1 Qxf4+ 32. Bd2 Qxd6 33. Rg8+ Ke7 34. Bg5+ f6 35. Rg7+ Kf8 36. Rxd6 Kxg7 37. Qd1 fxg5 38. Rxd7+ 1-0


[Site "https://www.chess.com"]

[Event "Titled Tuesday Blitz September 27 Early 2022"]
[White "Derjabin, Ilja"]
[Black "Hansen, Eric"]
[WhiteFideId "14104768"]
[BlackFideId "2606771"]
[WhiteElo "2341"]
[BlackElo "2568"]
[Result "0-1"]
[Round "02"]
[TimeControl "180+1"]
[Date "2022.09.27"]
[WhiteClock "0:00:25"]
[BlackClock "0:01:28"]

1. d4 d5 2. c4 c6 3. Nc3 Nf6 4. Nf3 e6 5. e3 Nbd7 6. Be2 Bd6 7. O-O O-O 8. Qc2 Qe7 9. Re1 a6 10. e4 dxe4 11. Nxe4 Nxe4 12. Qxe4 e5 13. Bd3 f5 14. Qe2 e4 15. Bc2 Qf6 16. Ng5 Qxd4 17. Qh5 Nf6 18. Qh4 h6 19. Be3 Qxb2 20. Bb3 hxg5 21. Bxg5 Bc5 22. Rad1 Be6 23. Bf4 Rad8 24. Bg3 Qc3 25. h3 Rxd1 26. Rxd1 e3 27. fxe3 Qxe3+ 28. Kh2 Ng4+ 29. hxg4 f4 0-1


[Site "https://www.chess.com"]

[Event "Titled Tuesday Blitz September 27 Early 2022"]
[White "Devaev, Alexander"]
[Black "Shivika, Rohilla"]
[WhiteFideId "4169395"]
[BlackFideId "45015414"]
[WhiteElo "2185"]
[BlackElo "1605"]
[Result "0-1"]
[Round "02"]
[TimeControl "180+1"]
[Date "2022.09.27"]
[WhiteClock "0:00:10"]
[BlackClock "0:01:03"]

1. d4 d5 2. c4 e6 3. Nc3 a6 4. cxd5 exd5 5. Nf3 Nf6 6. Bg5 Be6 7. e3 Bd6 8. Bd3 Nbd7 9. Qc2 c6 10. O-O h6 11. Bh4 O-O 12. Bg3 Qc7 13. b4 Bxg3 14. hxg3 Qd6 15. a4 b5 16. Rab1 Nb6 17. e4 dxe4 18. Nxe4 Nxe4 19. Bxe4 Nc4 20. Qd3 Rad8 21. Rfc1 f5 22. axb5 axb5 23. Bxc6 Qxc6 24. Qe2 Qd6 25. Ra1 Bd5 26. Ne5 Rfe8 27. f4 Be6 28. Rd1 Bd5 29. Kh2 Be4 30. Ra7 Nxe5 31. fxe5 Rxe5 32. dxe5 Qxd1 33. Qxb5 Qd2 34. Qf1 Bd3 35. Qf4 Be4 36. Qxd2 Rxd2 37. e6 Rxg2+ 38. Kh3 g5 39. Rc7 g4+ 40. Kh4 Rh2# 0-1


[Site "https://www.chess.com"]

[Event "Titled Tuesday Blitz September 27 Early 2022"]
[White "Di Nicolantonio, Lucas"]
[Black "Milikow, Yoav"]
[WhiteFideId "680460"]
[BlackFideId "2822237"]
[WhiteElo "2381"]
[BlackElo "2341"]
[Result "0-1"]
[Round "02"]
[TimeControl "180+1"]
[Date "2022.09.27"]
[WhiteClock "0:00:02"]
[BlackClock "0:00:33"]

1. Nf3 d5 2. e3 g6 3. c4 c6 4. d4 Bg7 5. Nc3 e6 6. h4 h6 7. b3 Ne7 8. Bb2 b6 9. Qc2 Ba6 10. e4 Nd7 11. h5 g5 12. O-O-O Rc8 13. Kb1 Kf8 14. Be2 Kg8 15. e5 Qe8 16. cxd5 Bxe2 17. Qxe2 exd5 18. e6 Nf8 19. exf7+ Qxf7 20. Ne5 Bxe5 21. Qxe5 Qf5+ 22. Qxf5 Nxf5 23. Rhe1 Kf7 24. Ba3 Ne6 25. g4 Nfxd4 26. Rxd4 Nxd4 27. Re7+ Kf6 28. Rd7 Rce8 29. Kc1 Re1+ 30. Kd2 Rf1 31. Bb2 Rxf2+ 32. Kc1 Re8 33. Ne2 Rf1+ 34. Kd2 Rxe2+ 35. Kd3 Rd1+ 0-1


[Site "https://www.chess.com"]

[Event "Titled Tuesday Blitz September 27 Early 2022"]
[White "Dilanyan, Grigor"]
[Black "Tang, Andrew"]
[WhiteFideId "13303570"]
[BlackFideId "2059630"]
[WhiteElo "2264"]
[BlackElo "2584"]
[Result "0-1"]
[Round "02"]
[TimeControl "180+1"]
[Date "2022.09.27"]
[WhiteClock "0:00:03"]
[BlackClock "0:00:36"]

1. e4 e5 2. Nf3 Nc6 3. Nc3 Nf6 4. Bb5 Bb4 5. O-O O-O 6. Bxc6 dxc6 7. d3 Nd7 8. Ne2 Re8 9. Kh1 Nf8 10. h3 Qf6 11. Nfg1 g5 12. Ng3 Ng6 13. Qh5 Nf4 14. Bxf4 exf4 15. N3e2 Kg7 16. c3 Bd6 17. Nf3 h6 18. g3 fxg3 19. fxg3 Qg6 20. Qxg6+ Kxg6 21. g4 h5 22. gxh5+ Kxh5 23. Kg2 f5 24. Rae1 fxe4 25. dxe4 Bd7 26. e5 Be7 27. Ng3+ Kg6 28. e6 Bc8 29. Ne5+ Kh6 30. Ng4+ Kg6 31. Nf5 Bf8 32. Ne5+ Kh7 33. Nf7 Kg6 34. Ne5+ Kh5 35. Ng4 Rxe6 36. Rxe6 Bxe6 37. Ng3+ Kh4 38. Rf6 Bd7 39. Kh2 Bxg4 40. hxg4 Bd6 41. Rf7 Bxg3+ 42. Kg2 Kxg4 43. Rxc7 Bxc7 0-1


[Site "https://www.chess.com"]

[Event "Titled Tuesday Blitz September 27 Early 2022"]
[White "Domingo Nunez, Ruben"]
[Black "Martinez Alcantara, Jose Eduardo"]
[WhiteFideId "22245570"]
[BlackFideId "3805662"]
[WhiteElo "2406"]
[BlackElo "2703"]
[Result "0-1"]
[Round "02"]
[TimeControl "180+1"]
[Date "2022.09.27"]
[WhiteClock "0:00:09"]
[BlackClock "0:00:10"]

1. c4 c5 2. Nc3 Nc6 3. g3 g6 4. Bg2 Bg7 5. h4 h6 6. d3 d6 7. Be3 Nf6 8. Qc1 Bf5 9. a3 Qd7 10. Rb1 Rc8 11. Nf3 Ng4 12. Bd2 O-O 13. Nd5 h5 14. O-O e6 15. Nc3 e5 16. Ng5 Nf6 17. b4 b6 18. Qd1 Ne7 19. e4 Bg4 20. f3 Be6 21. f4 exf4 22. gxf4 Bg4 23. Qe1 Nh7 24. Qg3 f5 25. b5 Nxg5 26. hxg5 Rcd8 27. Rbe1 Rfe8 28. Kh1 Bd4 29. e5 dxe5 30. fxe5 Qe6 31. Nd5 Nxd5 32. cxd5 Rxd5 33. Bxd5 Qxd5+ 34. Qg2 Qxg2+ 35. Kxg2 Kf7 36. e6+ Ke7 37. Be3 Bg7 38. d4 Bxd4 39. Bxd4 cxd4 40. Rc1 d3 41. Rc7+ Kd6 42. Rd7+ Kc5 43. Rc1+ Kxb5 44. Re1 Be2 45. Kf2 f4 46. e7 f3 47. Rb1+ Ka6 48. a4 d2 49. Rxd2 Rxe7 50. a5 Re6 51. axb6 axb6 52. Ra1+ Kb7 53. Rd7+ Kc6 54. Rd8 b5 55. Rc1+ Kb6 56. Rb8+ Ka5 57. Rf8 Re5 58. Rf6 Rxg5 59. Rg1 Rxg1 60. Kxg1 g5 61. Rf5 g4 62. Kf2 h4 63. Rg5 g3+ 64. Ke3 Bd1 65. Rd5 Bb3 66. Rd3 f2 67. Rd1 Bxd1 0-1


[Site "https://www.chess.com"]

[Event "Titled Tuesday Blitz September 27 Early 2022"]
[White "Dudzinski, Pawel"]
[Black "Halkias, Stelios"]
[WhiteFideId "1117890"]
[BlackFideId "4201809"]
[WhiteElo "1918"]
[BlackElo "2453"]
[Result "0-1"]
[Round "02"]
[TimeControl "180+1"]
[Date "2022.09.27"]
[WhiteClock "0:01:12"]
[BlackClock "0:01:46"]

1. e4 c5 2. c4 e6 3. Nc3 Nc6 4. g3 g6 5. Bg2 Bg7 6. Rb1 Nge7 7. Nge2 d6 8. O-O O-O 9. a3 b6 10. b4 Bb7 11. d3 Nd4 12. Nxd4 cxd4 13. Ne2 e5 14. f4 f5 15. fxe5 dxe5 16. exf5 Bxg2 17. Kxg2 gxf5 18. Bg5 Bf6 19. Bxf6 Rxf6 20. Ng1 Qd7 21. Qf3 Raf8 22. Rbe1 Ng6 23. Nh3 f4 24. Qd5+ Qxd5+ 25. cxd5 Rd8 26. gxf4 exf4 27. Re4 Rxd5 28. Nxf4 Rg5+ 29. Kh3 Ne5 30. Nd5 Rxf1 0-1


[Site "https://www.chess.com"]

[Event "Titled Tuesday Blitz September 27 Early 2022"]
[White "Eljanov, Pavel"]
[Black "Poltorak, Sebastian"]
[WhiteFideId "14102951"]
[BlackFideId "1199498"]
[WhiteElo "2601"]
[BlackElo "2104"]
[Result "1-0"]
[Round "02"]
[TimeControl "180+1"]
[Date "2022.09.27"]
[WhiteClock "0:02:18"]
[BlackClock "0:00:43"]

1. c4 Nf6 2. Nc3 d5 3. cxd5 Nxd5 4. g3 c5 5. Bg2 Nc7 6. d3 e5 7. Be3 Nc6 8. Bxc6+ bxc6 9. Nf3 Bd6 10. Ne4 Ne6 11. Rc1 Qa5+ 12. Qd2 Qxd2+ 13. Nfxd2 Ke7 14. Nxd6 Kxd6 15. Ne4+ Ke7 16. Bxc5+ Nxc5 17. Rxc5 Rb8 18. b3 Be6 19. Rxe5 a5 20. Rxa5 Ra8 21. Rxa8 Rxa8 22. Nc3 Kd6 23. Kd2 Kc5 24. Rc1 Kb4 25. e4 f5 26. f4 fxe4 27. dxe4 Rd8+ 28. Ke3 Ka3 29. Rc2 Kb4 30. f5 Bg8 31. g4 1-0


[Site "https://www.chess.com"]

[Event "Titled Tuesday Blitz September 27 Early 2022"]
[White "Ezat, Mohamed"]
[Black "Rivas Garcia, Victor"]
[WhiteFideId "10600906"]
[BlackFideId "2217740"]
[WhiteElo "2386"]
[BlackElo "2301"]
[Result "1-0"]
[Round "02"]
[TimeControl "180+1"]
[Date "2022.09.27"]
[WhiteClock "0:00:14"]
[BlackClock "0:00:20"]

1. d4 f5 2. Nc3 Nf6 3. Bg5 d5 4. Bxf6 exf6 5. e3 Be6 6. Bd3 Qd7 7. Qf3 Nc6 8. a3 O-O-O 9. Nge2 g6 10. h3 h5 11. Nf4 Bf7 12. O-O-O Kb8 13. Kb1 Bh6 14. g3 Ne7 15. Rc1 c6 16. Na4 Nc8 17. Nc5 Qe7 18. c4 dxc4 19. Bxc4 Nd6 20. Bxf7 Qxf7 21. Rc3 Rhe8 22. Rhc1 Ne4 23. Nxe4 Rxe4 24. Nd3 Qd5 25. Nc5 Re7 26. Qd1 Bf8 27. Rb3 Ka8 28. Qc2 Rc7 29. Nd3 Be7 30. Nf4 Qf7 31. Qc4 Qxc4 32. Rxc4 Rg8 33. d5 c5 34. Rbc3 b6 35. b4 Kb8 36. bxc5 Rxc5 37. Rxc5 Bxc5 38. Ne6 Bd6 39. Rc6 Be5 40. f4 Rc8 41. fxe5 Rxc6 42. dxc6 fxe5 43. Kc2 b5 44. Kc3 a5 45. h4 Ka7 46. Nf8 Kb6 47. Nxg6 e4 48. Ne7 Kc7 49. Nxf5 Kxc6 50. Ng7 Kc5 51. Nxh5 b4+ 52. axb4+ axb4+ 53. Kb3 Kb5 54. Nf6 1-0


[Site "https://www.chess.com"]

[Event "Titled Tuesday Blitz September 27 Early 2022"]
[White "Fawzy, Adham"]
[Black "Shapiro, Daniel"]
[WhiteFideId "10613129"]
[BlackFideId "2001780"]
[WhiteElo "2541"]
[BlackElo "2207"]
[Result "0-1"]
[Round "02"]
[TimeControl "180+1"]
[Date "2022.09.27"]
[WhiteClock "0:00:04"]
[BlackClock "0:00:13"]

1. e4 c5 2. Nf3 e6 3. g3 Nc6 4. Bg2 g6 5. O-O Bg7 6. c3 Nge7 7. d4 cxd4 8. cxd4 d5 9. e5 O-O 10. Nc3 a6 11. Be3 b5 12. h4 h6 13. Qd2 Nf5 14. Bf4 Bd7 15. a3 Na5 16. Qe2 Rc8 17. Rad1 Nc4 18. Bc1 Qe7 19. Bh3 a5 20. h5 b4 21. Bxf5 gxf5 22. axb4 Qxb4 23. Kh2 Rb8 24. g4 Nxb2 25. gxf5 Nxd1 26. Nxd1 Bb5 27. Qe1 Bxf1 28. Qxf1 exf5 29. Ne3 Kh8 30. Nxf5 Qb7 31. Nxg7 Kxg7 32. Qg2+ Kh7 33. Nh4 Qd7 34. Qf3 Rg8 35. Qf4 Rg7 36. Qxh6+ Kg8 37. Nf3 Qg4 0-1


[Site "https://www.chess.com"]

[Event "Titled Tuesday Blitz September 27 Early 2022"]
[White "Ferguson, Randal"]
[Black "Aakanksha Hagawane"]
[WhiteFideId "30903106"]
[BlackFideId "25014510"]
[WhiteElo "2070"]
[BlackElo "1971"]
[Result "1/2-1/2"]
[Round "02"]
[TimeControl "180+1"]
[Date "2022.09.27"]
[WhiteClock "0:00:42"]
[BlackClock "0:00:33"]

1. e4 e5 2. Nf3 Nc6 3. Bb5 a6 4. Bxc6 dxc6 5. O-O f6 6. d4 exd4 7. Nxd4 c5 8. Nb3 Qxd1 9. Rxd1 Bg4 10. f3 Bd7 11. Bf4 O-O-O 12. Nc3 g5 13. Bg3 c4 14. Na5 b5 15. a4 Bc5+ 16. Kf1 Ne7 17. axb5 axb5 18. Nd5 Nxd5 19. Rxd5 Bb6 20. b4 Bxa5 21. Rxa5 Kb7 22. Bf2 Bc6 23. Rf5 Rhf8 24. Ra7+ Kb8 25. Ke2 Rf7 26. Ra6 Kb7 27. Ra7+ Kb8 28. Ra6 Kb7 29. Ra7+ Kb8 1/2-1/2


[Site "https://www.chess.com"]

[Event "Titled Tuesday Blitz September 27 Early 2022"]
[White "Fiorito, Francisco"]
[Black "Ravi, Thandalam Shanmugam"]
[WhiteFideId "180165"]
[BlackFideId "5000238"]
[WhiteElo "1787"]
[BlackElo "2063"]
[Result "1-0"]
[Round "02"]
[TimeControl "180+1"]
[Date "2022.09.27"]
[WhiteClock "0:00:14"]
[BlackClock "0:00:03"]

1. d4 Nf6 2. Nf3 d5 3. c3 c5 4. dxc5 Nc6 5. b4 Bf5 6. Bf4 e6 7. e3 Be7 8. Bb5 O-O 9. Nbd2 a5 10. a3 Na7 11. Be2 b6 12. cxb6 Qxb6 13. O-O Nb5 14. Be5 Nd7 15. Bd4 Qb7 16. Nb3 a4 17. Nbd2 Rfc8 18. c4 Nxd4 19. Nxd4 dxc4 20. Nxf5 exf5 21. Nxc4 Rd8 22. Qc2 Rac8 23. Qxf5 Bf6 24. Rac1 Qb8 25. g3 g6 26. Qf3 Kg7 27. Na5 Ne5 28. Qf4 Rxc1 29. Rxc1 Rd2 30. Kf1 Qa8 31. e4 g5 32. Qe3 Qd8 33. Nc4 Nxc4 34. Bxc4 Bb2 35. Re1 Rc2 36. e5 Rxc4 37. e6 fxe6 38. Qa7+ Rc7 39. Qxa4 Qd5 40. Qa6 Qh1+ 41. Ke2 Rc2+ 42. Kd3 Qxe1 43. Kxc2 Qc3+ 44. Kb1 Qc1+ 45. Ka2 Bf6 46. Qe2 Qc3 47. b5 Qa1+ 48. Kb3 Qb1+ 49. Ka4 Kf7 50. Qc4 Qd1+ 51. Ka5 Qd2+ 52. Ka6 Qxf2 53. b6 Bd8 54. Qc6 Qe2+ 55. Qb5 Qxb5+ 56. Kxb5 e5 57. a4 Ke6 58. a5 e4 59. a6 e3 60. a7 e2 61. a8=Q e1=Q 62. Qxd8 Qb1+ 63. Kc6 Qc2+ 64. Kb7 Qe4+ 65. Kb8 Qe5+ 66. Qc7 Qb2 67. b7 Kf5 68. Qd7+ Kg6 69. Kc8 Qc2+ 70. Qc7 Qf5+ 71. Qd7 Qf8+ 72. Kc7 Kh5 73. b8=Q Qc5+ 74. Qc6 Qe7+ 75. Kb6 Qb4+ 76. Qb5 Qd4+ 77. Qc5 Qb2+ 78. Kc7 Qg7+ 79. Kc6 Qf6+ 80. Qbd6 Qf3+ 81. Qcd5 Qc3+ 82. Kd7 Qg7+ 83. Qe7 Qg6 84. Qd1+ Kh6 85. Qf8+ Qg7+ 86. Qxg7+ Kxg7 87. Qh5 h6 88. Ke7 1-0


[Site "https://www.chess.com"]

[Event "Titled Tuesday Blitz September 27 Early 2022"]
[White "Fiorito, Joaquin"]
[Black "Karthik Venkataraman"]
[WhiteFideId "180173"]
[BlackFideId "25006479"]
[WhiteElo "1758"]
[BlackElo "2397"]
[Result "1-0"]
[Round "02"]
[TimeControl "180+1"]
[Date "2022.09.27"]
[WhiteClock "0:00:47"]
[BlackClock "0:00:27"]

1. d4 Nf6 2. Nc3 d5 3. Bf4 a6 4. e3 e6 5. g4 c5 6. g5 Nfd7 7. Nf3 Nc6 8. Bg2 b5 9. O-O Bb7 10. e4 Ne7 11. exd5 Nxd5 12. Nxd5 Bxd5 13. Qe2 Be7 14. Rfd1 c4 15. h4 O-O 16. c3 Rc8 17. Bg3 Re8 18. Re1 Bf8 19. Bh3 b4 20. Ne5 bxc3 21. bxc3 Nxe5 22. Bxe5 Qa5 23. Qe3 Rcd8 24. h5 Rd7 25. h6 g6 26. Rab1 Rb7 27. Qf4 Be7 28. Bf6 Bf8 29. Be5 Rxb1 30. Rxb1 Qxa2 31. Qf6 Qxb1+ 32. Bf1 1-0


[Site "https://www.chess.com"]

[Event "Titled Tuesday Blitz September 27 Early 2022"]
[White "Flis, Pawel"]
[Black "Jovic, Stanoje"]
[WhiteFideId "1112864"]
[BlackFideId "905020"]
[WhiteElo "1735"]
[BlackElo "2238"]
[Result "0-1"]
[Round "02"]
[TimeControl "180+1"]
[Date "2022.09.27"]
[WhiteClock "0:00:16"]
[BlackClock "0:00:38"]

1. Nf3 Nf6 2. g3 b5 3. Bg2 Bb7 4. O-O e6 5. a4 b4 6. c4 a5 7. b3 Na6 8. Bb2 c5 9. d4 cxd4 10. Nxd4 Bxg2 11. Kxg2 Nc5 12. Nb5 Qb6 13. Be5 Rc8 14. Bd6 Rc6 15. Bxf8 Kxf8 16. Kg1 h5 17. h4 g5 18. hxg5 Nfe4 19. g6 h4 20. g4 e5 21. gxf7 Rg6 22. f3 Ng3 23. Rf2 e4 24. Qd4 Rh7 25. Nd2 Rxf7 26. Qh8+ Rg8 27. Qxh4 e3 28. Qh6+ Qxh6 29. Rh2 Nxe2+ 30. Kh1 Qf6 31. Rxe2 Qxa1+ 32. Kg2 exd2 33. Rxd2 Rxg4+ 34. fxg4 Qf1+ 35. Kg3 Ne4+ 36. Kh4 Rh7# 0-1


[Site "https://www.chess.com"]

[Event "Titled Tuesday Blitz September 27 Early 2022"]
[White "Forgacs, Attila Jr."]
[Black "Sahil, Tickoo"]
[WhiteFideId "773654"]
[BlackFideId "5019710"]
[WhiteElo "2062"]
[BlackElo "2047"]
[Result "1-0"]
[Round "02"]
[TimeControl "180+1"]
[Date "2022.09.27"]
[WhiteClock "0:00:13"]
[BlackClock "0:00:03"]

1. e4 c5 2. Nf3 d6 3. d4 cxd4 4. Nxd4 Nf6 5. Nc3 a6 6. f3 e5 7. Nb3 Be7 8. Be3 O-O 9. Qd2 Be6 10. O-O-O a5 11. a4 Na6 12. Bb5 Nc7 13. Kb1 Nxb5 14. Nxb5 d5 15. exd5 Nxd5 16. g4 Qc8 17. Qf2 Qc4 18. Bc5 Bxc5 19. Qxc5 Qxa4 20. Rxd5 Rac8 21. Qd6 Qc4 22. Nc3 Rc6 23. Qxe5 Bxd5 24. Qxd5 Qb4 25. Qxa5 Qe7 26. Rd1 h6 27. Qf5 Qh4 28. f4 Qxh2 29. Nd5 Re8 30. Ne7+ Kf8 31. Nxc6 bxc6 32. g5 hxg5 33. fxg5 Kg8 34. g6 fxg6 35. Qxg6 Qe2 36. Rg1 Re7 37. Nd4 Qe5 38. Nf5 Rf7 39. Nh6+ Kh8 40. Nxf7+ 1-0


[Site "https://www.chess.com"]

[Event "Titled Tuesday Blitz September 27 Early 2022"]
[White "Gabrielian, Artur"]
[Black "Seemann, Jakub"]
[WhiteFideId "4131002"]
[BlackFideId "21874697"]
[WhiteElo "2467"]
[BlackElo "2148"]
[Result "1-0"]
[Round "02"]
[TimeControl "180+1"]
[Date "2022.09.27"]
[WhiteClock "0:01:09"]
[BlackClock "0:00:13"]

1. e4 e6 2. d4 d5 3. Nc3 dxe4 4. Nxe4 Nd7 5. Nf3 Ngf6 6. Bg5 Be7 7. Nxf6+ Nxf6 8. Bd3 c5 9. Qe2 O-O 10. O-O-O Qc7 11. h4 b6 12. Rh3 Bb7 13. Rg3 Nd5 14. Bxe7 Qxe7 15. dxc5 Nf4 16. Qe5 Nxd3+ 17. Rxd3 f6 18. Qd6 Qxd6 19. Rxd6 bxc5 20. Rxe6 Rfe8 21. Rxf6 Rad8 22. b3 Re2 23. Rf5 Rxf2 24. Rxc5 Bxf3 25. gxf3 Rdd2 26. Rc8+ Kf7 27. Rc7+ Kf6 28. Rgxg7 Rde2 29. Rxh7 Rh2 30. Rc6+ Kf5 31. Rf7+ Ke5 32. Re7+ Kd4 33. Rxe2 Rxe2 34. Rc4+ Kd5 35. Ra4 Rh2 36. Rxa7 Kd4 37. Kb2 1-0


[Site "https://www.chess.com"]

[Event "Titled Tuesday Blitz September 27 Early 2022"]
[White "Gajwa Ankit"]
[Black "Fernandez Hernandez, Gerardo"]
[WhiteFideId "5077834"]
[BlackFideId "2207400"]
[WhiteElo "2036"]
[BlackElo "2181"]
[Result "1-0"]
[Round "02"]
[TimeControl "180+1"]
[Date "2022.09.27"]
[WhiteClock "0:00:20"]
[BlackClock "0:00:10"]

1. e4 e6 2. d4 d5 3. Nc3 Nc6 4. Nf3 Nf6 5. Bd3 Bb4 6. exd5 exd5 7. O-O O-O 8. Bg5 Be7 9. h3 Be6 10. Re1 Re8 11. Ne2 Ne4 12. Bxe7 Qxe7 13. Nf4 f5 14. Bb5 Qf6 15. Bxc6 bxc6 16. Ne5 Bf7 17. Re3 c5 18. c3 cxd4 19. cxd4 c5 20. Nxf7 cxd4 21. Rd3 Qxf7 22. Rxd4 Rab8 23. b3 Nc3 24. Qd3 Rbc8 25. Rc1 Ne2+ 26. Nxe2 Rxc1+ 27. Nxc1 Re1+ 28. Kh2 Qc7+ 29. f4 Qxf4+ 30. Rxf4 1-0


[Site "https://www.chess.com"]

[Event "Titled Tuesday Blitz September 27 Early 2022"]
[White "Gareyev, Timur"]
[Black "Sellitti, Federico"]
[WhiteFideId "14200937"]
[BlackFideId "821829"]
[WhiteElo "2552"]
[BlackElo "2514"]
[Result "1-0"]
[Round "02"]
[TimeControl "180+1"]
[Date "2022.09.27"]
[WhiteClock "0:00:10"]
[BlackClock "0:00:02"]

1. d4 d5 2. c4 Nc6 3. Nf3 Bg4 4. Qa4 Nf6 5. Ne5 Bd7 6. Nxd7 Qxd7 7. e3 e5 8. dxe5 Nxe5 9. Qxd7+ Nexd7 10. cxd5 Nxd5 11. a3 O-O-O 12. Nd2 g6 13. h4 Bg7 14. h5 Nc5 15. Bc4 Rhe8 16. hxg6 hxg6 17. Rh7 Ne6 18. Nf3 Kb8 19. g3 c6 20. Ke2 Rh8 21. Rh4 Rxh4 22. Nxh4 Nc5 23. Rb1 Ne4 24. Ra1 b5 25. Bb3 a5 26. Bc2 Nd6 27. Nf3 Nc4 28. Ra2 a4 29. Nd2 Ndb6 30. Nxc4 Nxc4 31. b3 Nb6 32. bxa4 Nxa4 33. Bxa4 bxa4 34. Bb2 Bxb2 35. Rxb2+ Kc7 36. Rb4 Ra8 37. g4 Ra5 38. Rf4 f5 39. Kd3 Kd6 40. Kc3 Ke5 41. Rc4 Kd5 42. Rf4 Ke5 43. Kb4 Ra8 44. Kc5 Rb8 45. gxf5 gxf5 46. Rxa4 Rb2 47. Rf4 Ra2 48. Kb4 c5+ 49. Kb3 Ra1 50. a4 1-0


[Site "https://www.chess.com"]

[Event "Titled Tuesday Blitz September 27 Early 2022"]
[White "Garv Gaur"]
[Black "Umarov, Sabir"]
[WhiteFideId "45030839"]
[BlackFideId "14200538"]
[WhiteElo "1950"]
[BlackElo "2338"]
[Result "0-1"]
[Round "02"]
[TimeControl "180+1"]
[Date "2022.09.27"]
[WhiteClock "0:00:13"]
[BlackClock "0:00:58"]

1. d4 g6 2. Nf3 Bg7 3. c4 c6 4. g3 d6 5. Bg2 f5 6. O-O Nf6 7. Nc3 O-O 8. Bf4 Qe8 9. Qb3 h6 10. h4 Kh7 11. Rfe1 Nh5 12. Bd2 e5 13. dxe5 dxe5 14. e3 Nd7 15. Qc2 e4 16. Nd4 Ne5 17. b3 Nd3 18. Red1 Qe5 19. Nce2 g5 20. hxg5 hxg5 21. Bc3 Qe7 22. Rxd3 exd3 23. Qxd3 Kg8 24. Rd1 Bd7 25. Nf3 Rad8 26. Bxg7 Nxg7 27. Qc2 Bc8 28. Re1 c5 29. Nc3 Be6 30. e4 f4 31. Nd5 Bxd5 32. exd5 Qf6 33. Nd2 fxg3 34. f3 Qd4+ 35. Kh1 Qh4+ 36. Kg1 Qd4+ 37. Kh1 Rd6 38. Bh3 Rh6 0-1


[Site "https://www.chess.com"]

[Event "Titled Tuesday Blitz September 27 Early 2022"]
[White "Gu, Xiaobing"]
[Black "Cruz, Jonathan"]
[WhiteFideId "8602611"]
[BlackFideId "3802124"]
[WhiteElo "2174"]
[BlackElo "2406"]
[Result "0-1"]
[Round "02"]
[TimeControl "180+1"]
[Date "2022.09.27"]
[WhiteClock "0:00:01"]
[BlackClock "0:00:07"]

1. e4 e5 2. Nc3 Nf6 3. g3 c6 4. Bg2 d5 5. d3 dxe4 6. Nxe4 Nxe4 7. Bxe4 Be7 8. Bg2 O-O 9. Nf3 Bd6 10. O-O c5 11. Re1 Nc6 12. Ng5 h6 13. Ne4 Be7 14. Qh5 Qe8 15. Bxh6 f5 16. Qxe8 Rxe8 17. Bxg7 Kxg7 18. Nc3 Bf6 19. Nd5 Rd8 20. c3 Rb8 21. Re2 Be6 22. Nxf6 Kxf6 23. Rae1 Bd5 24. Bh3 Bxa2 25. Re3 Bd5 26. f4 exf4 27. gxf4 Rg8+ 28. Kf2 Rh8 29. Rg3 Rh6 30. Reg1 Rbh8 31. Bxf5 Rxh2+ 32. Ke1 Re8+ 33. Be4 Bxe4 34. dxe4 Rxe4+ 35. Kd1 Ree2 36. Rg6+ Kf5 37. R1g5+ Ke4 38. Re6+ Kf3 0-1


[Site "https://www.chess.com"]

[Event "Titled Tuesday Blitz September 27 Early 2022"]
[White "Guliev, Logman"]
[Black "Itkis, Boris"]
[WhiteFideId "13400061"]
[BlackFideId "1209167"]
[WhiteElo "2128"]
[BlackElo "2207"]
[Result "1-0"]
[Round "02"]
[TimeControl "180+1"]
[Date "2022.09.27"]
[WhiteClock "0:01:12"]
[BlackClock "0:00:22"]

1. e4 c6 2. d4 d5 3. Nd2 dxe4 4. Nxe4 Bf5 5. Ng3 Bg6 6. h4 h6 7. Nf3 Nd7 8. h5 Bh7 9. Bd3 Bxd3 10. Qxd3 Ngf6 11. Bd2 e6 12. O-O-O Be7 13. Kb1 Qc7 14. Ne4 Nxe4 15. Qxe4 Nf6 16. Qe2 O-O-O 17. c4 c5 18. Bc3 cxd4 19. Bxd4 Bc5 20. Bxf6 gxf6 21. Nd2 Qe5 22. Qxe5 fxe5 23. f3 f5 24. Nb3 Be7 25. Kc2 Rhg8 26. Rxd8+ Kxd8 27. Rh2 Bd6 28. c5 Bc7 29. g4 fxg4 30. Rg2 g3 31. Nd2 Rg5 32. Ne4 Rxh5 33. Rxg3 Rf5 34. b4 a6 35. Kd3 h5 36. Ke3 Kd7 37. Rg7+ Kc6 38. a4 Bb8 39. b5+ axb5 40. axb5+ Kxb5 41. Rxb7+ Kc4 42. Rxb8 h4 43. Nd6+ 1-0


[Site "https://www.chess.com"]

[Event "Titled Tuesday Blitz September 27 Early 2022"]
[White "Hafiz, Arif Abdul"]
[Black "Gilmanov, Mansur"]
[WhiteFideId "7104227"]
[BlackFideId "4166868"]
[WhiteElo "2198"]
[BlackElo "2377"]
[Result "1-0"]
[Round "02"]
[TimeControl "180+1"]
[Date "2022.09.27"]
[WhiteClock "0:00:09"]
[BlackClock "0:00:10"]

1. e4 d5 2. exd5 Qxd5 3. Nc3 Qe5+ 4. Be2 Bg4 5. f3 Bd7 6. d4 Qa5 7. Bc4 e6 8. Ne2 Nf6 9. O-O Nc6 10. Kh1 O-O-O 11. Nb5 Nb4 12. a4 Bxb5 13. Bxb5 c6 14. Bc4 Bd6 15. c3 Qh5 16. Nf4 Bxf4 17. Bxf4 Nbd5 18. Bd2 e5 19. g4 Qh3 20. Qe2 exd4 21. cxd4 Rhe8 22. Qf2 h5 23. g5 Nh7 24. Rfe1 Qf5 25. Qg3 h4 26. Qg4 Qxg4 27. fxg4 Nf8 28. Bxd5 cxd5 29. Rf1 Rd7 30. Bf4 Ne6 31. Rac1+ Kd8 32. Be5 Nxg5 33. Bxg7 Ne4 34. Be5 Rg8 35. h3 Rg6 36. Kg2 Rb6 37. Rc2 f6 38. Bf4 Rb3 39. Rf3 Rb4 40. b3 Rxd4 41. Be3 Rd1 42. Bxa7 d4 43. Bb6+ Ke7 44. Re2 Rd2 45. Rxd2 Nxd2 46. Rd3 Nxb3 47. Rxb3 d3 48. Rb1 Ke6 49. Rd1 Ke5 50. Kf3 Rd6 51. Bc7 1-0


[Site "https://www.chess.com"]

[Event "Titled Tuesday Blitz September 27 Early 2022"]
[White "Haitin, Ilja"]
[Black "Korelskiy, Egor"]
[WhiteFideId "4501764"]
[BlackFideId "34329064"]
[WhiteElo "2243"]
[BlackElo "2071"]
[Result "0-1"]
[Round "02"]
[TimeControl "180+1"]
[Date "2022.09.27"]
[WhiteClock "0:01:27"]
[BlackClock "0:02:17"]

1. e4 c5 2. Nf3 e6 3. b3 d6 4. Bb2 Nf6 5. Nc3 Be7 6. d4 cxd4 7. Nxd4 a6 8. Bd3 Qc7 9. O-O b5 10. a3 Bb7 11. Kh1 Nbd7 12. f4 O-O 13. Nf3 Rac8 14. Qe2 h6 15. Rad1 Rfd8 16. Qf2 Nc5 17. e5 dxe5 18. fxe5 Ng4 19. Qe2 Bxf3 20. Rxf3 Nxd3 21. cxd3 Qxe5 22. Ne4 Qxh2# 0-1


[Site "https://www.chess.com"]

[Event "Titled Tuesday Blitz September 27 Early 2022"]
[White "Hambleton, Aman"]
[Black "Thorhallsson, Simon"]
[WhiteFideId "2606577"]
[BlackFideId "2310090"]
[WhiteElo "2538"]
[BlackElo "2137"]
[Result "1-0"]
[Round "02"]
[TimeControl "180+1"]
[Date "2022.09.27"]
[WhiteClock "0:00:07"]
[BlackClock "0:00:37"]

1. d4 d5 2. Bf4 Bf5 3. c4 e6 4. Nc3 Nf6 5. e3 Bb4 6. Rc1 O-O 7. Bd3 Bxd3 8. Qxd3 c5 9. dxc5 Na6 10. Bd6 Ne4 11. Bxf8 Qxf8 12. cxd5 Naxc5 13. Qc2 Qd8 14. Ne2 Qxd5 15. O-O Nxc3 16. Nxc3 Qh5 17. a3 Bxc3 18. Qxc3 b6 19. b4 Nd7 20. Qc6 Qd5 21. Rfd1 Qxc6 22. Rxc6 Nf6 23. Rdc1 g6 24. Rc8+ Rxc8 25. Rxc8+ Kg7 26. Ra8 1-0


[Site "https://www.chess.com"]